 Dungeon Crawl Stone Soup version 0.29-a0-323-g050149af67 (webtiles) character file.

Game seed: 9568501227581090931

9 Dabor the Chiller (level 2, 0/19 HPs)
             Began as a Demonspawn Ice Elementalist on Apr 11, 2022.
             Succumbed to an adder's poison
             ... on level 2 of the Dungeon.
             The game lasted 00:00:42 (988 turns).

Dabor the Chiller (Demonspawn Ice Elementalist)      Turns: 988, Time: 00:00:43

Health: 0/19       AC:  3    Str:  8    XL:     2   Next: 3%
Magic:  0/5        EV: 14    Int: 16    God:
Gold:   47         SH:  0    Dex: 13    Spells: 4/5 levels left

rFire   . . .      SeeInvis .   (no weapon)
rCold   . . .      Faith    .   (no shield)
rNeg    . . .      Spirit   .   a - +1 robe
rPois   .          Reflect  .   (no helmet)
rElec   .          Harm     .   (no cloak)
rCorr   .          Rampage  .   (no gloves)
Will    .....                   (no boots)
Stlth   ++........              (no amulet)
HPRegen 0.06/turn               (no ring)
MPRegen 0.09/turn               (no ring)

@: lethally poisoned (0 -> -8)
A: repulsion field 1
a: no special abilities


You were on level 2 of the Dungeon.
You visited 1 branch of the dungeon, and saw 2 of its levels.

You collected 47 gold pieces.

Inventory:

Armour
 a - a +1 robe (worn)
Jewellery
 f - a ring of willpower
Scrolls
 g - 2 scrolls of vulnerability {unknown}
Potions
 b - a potion of magic


   Skills:
 + Level 2.0 Dodging
 + Level 2.0 Stealth
 + Level 2.1 Spellcasting
 + Level 3.7 Ice Magic


You had 4 spell levels left.
You knew the following spells:

 Your Spells              Type           Power      Damage    Failure   Level
a - Freeze                Ice            52%        1d7       4%          1

Your spell library contained the following spells:

 Spells                   Type           Power      Damage    Failure   Level
 Frozen Ramparts          Ice            26%        1d4       13%         3
 Ozocubu's Armour         Ice            13%        N/A       13%         3
 Hailstorm                Conj/Ice       7%         3d4       67%         4


Dungeon Overview and Level Annotations

Branches:
Dungeon (2/15)

Altars:


Innate Abilities, Weirdness & Mutations

You are surrounded by a mild repulsion field. (EV +2)


Message History

An adder comes into view.
The adder hisses angrily.
You freeze the endoplasm.
The endoplasm is almost dead.
The endoplasm freezes you.
You are frozen.
You freeze the endoplasm.
You kill the endoplasm!
You have reached level 2!
Your demonic ancestry asserts itself...
You begin to radiate repulsive energy.
You freeze the adder.
The adder is heavily wounded.
The adder misses you.
You hit the adder.
The adder is heavily wounded.
The adder bites you.
You are poisoned.
The adder poisons you!
You closely miss the adder.
The adder is heavily wounded.
You feel sick. The adder bites you.
You are lethally poisoned!
The adder poisons you! The adder bites you.
Okay, then.
As you read the scroll labelled UJUFFI CATOP, it crumbles to dust.
The scroll dissolves into smoke.
It was a scroll of fog.
* * * LOW HITPOINT WARNING * * *
You feel very sick. The adder barely misses you.
As you read the scroll labelled ORAMATW INIA, it crumbles to dust.
It is a scroll of amnesia.
Really abort (and waste the scroll)?
Okay, then.
* * * LOW HITPOINT WARNING * * *
You feel sick. The adder barely misses you.
As you read the scroll labelled CERUOL SAZUHEX, it crumbles to dust.
It is a scroll of enchant armour.
Your +0 robe glows green for a moment.
You die...

#..# #..# ....
#.. . #.#
#...#####§#
#....§§§#
#.####§@#
#....§§§S§.....
#...####§#######
.# #.# #.# #.#
#.# #.#


You could see an adder.

Vanquished Creatures
  2 endoplasms
  A giant cockroach (D:1)
  A quokka (D:1)
  A frilled lizard (D:1)
  A goblin (D:1)
  A kobold (D:1)
  2 rats (D:1)
9 creatures vanquished.

Notes
Turn   | Place    | Note
-------+----------+-------------------------------------------
     0 | D:1      | Dabor the Demonspawn Ice Elementalist began the quest for
                  | the Orb.
     0 | D:1      | Reached XP level 1. HP: 13/13 MP: 3/3
   983 | D:2      | Gained mutation: You are surrounded by a mild repulsion
                  | field. (EV +2) [demonic ancestry]
   983 | D:2      | Reached XP level 2. HP: 15/19 MP: 1/5
   988 | D:2      | Succumbed to an adder's poison

Illustrated notes

Levels and vault maps discovered:
D:1:      matt_arrival_grand_opening, layout_rooms, grunt_decor_resistance
D:2:      layout_loops_ring, uniq_natasha

Skill      XL: |  1 |
---------------+----+-----
Stealth        | 2 |  2.0
Dodging        | 2 |  2.0
Spellcasting   | |  2.1
Ice Magic      | |  3.7

Action                   || total
-------------------------++-------
Melee: Unarmed           ||    27
 Cast: Freeze            ||    14
  Use: Scroll            ||     3
 Stab: Sleeping          ||     2
Armor: Robe              ||     8
Dodge: Dodged            ||    24

Table legend: (Time is in decaauts)
 A = Elapsed time spent in this place.
 B = Non-inter-level travel time spent in this place.
 C = Inter-level travel time spent in this place.
 D = Time resting spent in this place.
 E = Time spent auto-exploring this place.
 F = Levels seen in this place.
 G = Mean time per level.
                   A        B        C        D        E       F      G
               +--------+--------+--------+--------+--------+-----+--------+
         Total |    987 |    956 |     31 |      0 |    863 |   2 |  493.5 |
       Dungeon |    987 |    956 |     31 |      0 |    863 |   2 |  493.5 |
               +--------+--------+--------+--------+--------+-----+--------+

Top non-repeatable levels by time:
     D:1: 978 daAuts
     D:2: 9 daAuts
